[Event "Thursday Night Engine Tour 11 rd Swiss 5m+1s Starts at 2200hrs"]
[Site "Infinity Chess"]
[Date "2018.4.19"]
[Round "3"]
[White "RonWeasley"]
[Black "xeonrocks"]
[Result "1/2-1/2"]
[ECO "D30"]
[WhiteElo "2536"]
[BlackElo "2611"]
[WhiteEngine "BrainFish 090218_CTG"]
[BlackEngine "Stockfish_x64_bmi2_CTG"]
[EventType "Swiss"]
[WhiteTeam ""]
[BlackTeam ""]
[PlyCount "151"]
[TimeControl "300+1"]

1. d4 d5 2. c4 e6 3. Nf3 Nf6 4. Nc3 c6 5. Bg5 h6 6. Bxf6 Qxf6 7. e3 Nd7 
8. Be2 g6 9. O-O Bg7 10. e4 dxe4 11. Nxe4 Qf4 12. Qc2 f5 13. Ned2 c5 14. g3 Qc7 
15. Nh4 Bxd4 16. Nxg6 Rg8 17. Nh4 Nf6 18. Ndf3 Rxg3+ 19. hxg3 Qxg3+ 20. Ng2 Ng4 
21. Qd2 Bxf2+ 22. Rxf2 Qxf2+ 23. Kh1 Bd7 24. Ne5 O-O-O 25. Nxg4 fxg4 26. Rd1 h5 
27. b3 g3 28. Qd3 h4 29. Bg4 Kb8 30. Rd2 Qf6 31. Kg1 Ka8 32. Ne3 Qa1+ 
33. Nf1 Rf8 34. Bh3 Bc8 35. Qd6 Qf6 36. Ne3 a6 37. Ng4 Qf4 38. Qxf4 Rxf4 
39. Rd8 Kb8 40. Rh8 Re4 41. Rxh4 b5 42. Kg2 bxc4 43. bxc4 Rxc4 44. Kxg3 Rc3+ 
45. Kf4 e5+ 46. Kxe5 Ra3 47. Bg2 Rg3 48. Bh3 Ra3 49. Kd6 Rxa2 50. Ne5 Rd2+ 
51. Kc6 Bb7+ 52. Kb6 Rb2+ 53. Kxc5 Rh2 54. Kb6 Rb2+ 55. Kc5 Rh2 56. Rh8+ Ka7 
57. Rh7 Kb8 58. Rh8+ Ka7 59. Rh6 Kb8 60. Nc4 Ka7 61. Rh7 Kb8 62. Ne5 Bg2 
63. Rh8+ Ka7 64. Rh7+ Kb8 65. Kb6 Rxh3 66. Nc6+ Bxc6 67. Rxh3 Bd7 68. Rh8+ Bc8 
69. Rf8 a5 70. Kc6 a4 71. Rf4 Bb7+ 72. Kd6 a3 73. Rb4 Ka7 74. Kc5 a2 
75. Ra4+ Kb8 76. Rxa2 1/2-1/2

[Event "Thursday Night Engine Tour 11 rd Swiss 5m+1s Starts at 2200hrs"]
[Site "Infinity Chess"]
[Date "2018.4.19"]
[Round "3"]
[White "Vimtiroba"]
[Black "Deep_Impact"]
[Result "1/2-1/2"]
[ECO "C50"]
[WhiteElo "2533"]
[BlackElo "2554"]
[WhiteEngine "AsmFish A12_CTG"]
[BlackEngine "BrainFish_180411_x64_bmi2"]
[EventType "Swiss"]
[WhiteTeam ""]
[BlackTeam ""]
[PlyCount "397"]
[TimeControl "300+1"]

1. e4 e5 2. Nf3 Nc6 3. Bc4 Bc5 4. d3 Nf6 5. O-O d6 6. c3 a5 7. Nbd2 O-O 8. h3 h6 
9. Re1 Be6 10. Bb5 Qb8 11. Nf1 Qa7 12. Re2 a4 13. Ng3 Qa5 14. Bxc6 bxc6 
15. Bd2 Qb5 16. c4 Qb7 17. Rc1 Rfd8 18. Qc2 Nd7 19. Bc3 Re8 20. Qd2 Bb6 
21. Nf5 Kh7 22. Ng5+ Kg8 23. Nxe6 fxe6 24. Nh4 Rf8 25. Nf3 Qa7 26. Qd1 c5 
27. Nd2 a3 28. b3 Ba5 29. Nb1 Bxc3 30. Nxc3 Nb8 31. Re3 Na6 32. Rc2 Nb4 
33. Rd2 Nc6 34. Na4 Qa5 35. Qc1 Nd4 36. Re1 Qb4 37. Red1 Rf7 38. Nc3 Qb8 
39. f3 Kf8 40. Nb1 Qb4 41. Nc3 g5 42. Ne2 Nc6 43. Nc3 Ke8 44. Rf2 Kd7 
45. Nb5 Qa5 46. Kh2 Nb4 47. Kg1 Nc6 48. Rdf1 Nb4 49. Qd2 Qb6 50. Kh1 Qb8 
51. h4 Rg7 52. h5 Qe8 53. g4 Rf7 54. Kg2 Qb8 55. Qe2 Rf8 56. Ra1 Qe8 57. Qd2 Qf7 
58. Raf1 Qg7 59. Qe2 Nc6 60. Qd2 Rf7 61. Rd1 Nb4 62. Kh2 Rf4 63. Nc3 Qf8 
64. Kg2 Qg7 65. Nb5 Rf7 66. Ra1 Nc6 67. Qd1 Rf6 68. Rf1 Rf4 69. Rb1 Qf6 
70. Qd2 Rf8 71. Qd1 Ra8 72. Qe2 Qg7 73. Qe3 Qf7 74. Qc1 Rf8 75. Qd1 Nb4 
76. Qe2 Ra8 77. Nc3 Qg8 78. Qd2 Qg7 79. Qd1 Raf8 80. Qd2 Qf7 81. Qe2 Nc6 
82. Nb5 Qg7 83. Qe3 Nb4 84. Qe2 Nc6 85. Rbe1 Qh8 86. Qd2 Nb4 87. Qe2 Nc6 
88. Qd2 Qf6 89. Qe2 Ra8 90. Qd2 Rf8 91. Qf2 Nb4 92. Ra1 Qg7 93. Qe2 Ra8 
94. Rad1 Nc6 95. Rd2 Rff8 96. Qe1 Qf6 97. Re2 Nb4 98. Qd1 Qf4 99. Nc3 c6 
100. Rd2 Qf7 101. Qc1 Qf4 102. Qd1 Qf7 103. Na4 Rab8 104. Qe2 Qf4 105. Nc3 Ke7 
106. Qe1 Kd7 107. Kh1 Ke7 108. Kg2 Kf7 109. Ne2 Qf6 110. Qc1 Kg8 111. Nc3 Qf4 
112. Ne2 Qf7 113. Nc3 Ra8 114. Ne2 Ra7 115. Qe1 Kg7 116. Qd1 Qf6 117. Qc1 Kh7 
118. Qd1 Kg8 119. Qc1 Kg7 120. Qe1 Raf7 121. Qc1 Ra8 122. Nc3 Qf4 123. Qd1 Kg8 
124. Qe2 Rb8 125. Qf2 Rd7 126. Qe1 Ra7 127. Ne2 Qf6 128. Qc1 Raa8 129. Nc3 Rf8 
130. Na4 Qf4 131. Nc3 Rab8 132. Ne2 Qf6 133. Kg1 Kg7 134. Kg2 Qf7 135. Rf2 Ra8 
136. Nc3 Ra7 137. Rf1 Qf4 138. Qe1 Raa8 139. Qf2 Rf7 140. Rh1 Qf6 141. Rh3 Qd8 
142. Na4 Qa5 143. Rd1 Qa7 144. Qe2 Kg8 145. Rd2 Rb8 146. Nc3 Rd8 147. Rh1 d5 
148. Rhd1 dxc4 149. bxc4 Rdf8 150. Rf1 Qd7 151. Nd1 Rb8 152. Nf2 Qd8 
153. Rc1 Na6 154. Nd1 Nb4 155. Qe3 Kg7 156. Rc3 Qa5 157. Rc1 Na6 158. Re2 Qd8 
159. Rf2 Ra7 160. Rd2 Rab7 161. Kf2 Kf6 162. Ke2 Qa5 163. Rdc2 Nb4 164. Rd2 Na6 
165. Rdc2 Nb4 166. Rd2 Rd7 167. Kf1 Rf7 168. Rf2 Kg7 169. Kg2 Rbf8 170. Nc3 Rd7 
171. Rd2 Rdf7 172. Rf2 Rd7 173. Rd2 Kg8 174. Nd1 Rdf7 175. Rc3 Rd7 176. Rc1 Rb7 
177. Nf2 Na6 178. Re2 Rfb8 179. Nd1 Rb2 180. Rf2 Kf7 181. Re2 Kg8 182. Qf2 Rb1 
183. Rec2 Qd8 184. Qd2 R1b7 185. Rc3 Qa5 186. Qe2 Rd8 187. R3c2 Nb4 188. Rd2 Rf8 
189. Nc3 Rf4 190. Rg1 Rff7 191. Rf1 Rfd7 192. Nd1 Rf7 193. Rg1 Na6 194. Rf1 Rb1 
195. Rf2 Rbb7 196. Rf1 Nb4 197. Ne3 Rf8 198. Kh1 Qc7 199. Rc1 1/2-1/2

[Event "Thursday Night Engine Tour 11 rd Swiss 5m+1s Starts at 2200hrs"]
[Site "Infinity Chess"]
[Date "2018.4.19"]
[Round "2"]
[White "koalachess"]
[Black "Dovahkiin"]
[Result "1/2-1/2"]
[ECO "B22"]
[WhiteElo "2356"]
[BlackElo "2419"]
[WhiteEngine "asmFishW_2018-02-02_popcnt_CTG"]
[BlackEngine "Raubfisch ME262_GTZ16f_CTG"]
[EventType "Swiss"]
[WhiteTeam ""]
[BlackTeam ""]
[PlyCount "93"]
[TimeControl "300+1"]

1. e4 c5 2. c3 Nf6 3. e5 Nd5 4. d4 cxd4 5. Nf3 Nc6 6. Bc4 Nb6 7. Bb3 d6 
8. exd6 Qxd6 9. Nxd4 Nxd4 10. cxd4 Be6 11. Nc3 Bxb3 12. Qxb3 e6 13. Be3 Qb4 
14. Ke2 Bd6 15. Rhd1 O-O 16. h3 Nc4 17. Ne4 Be7 18. Qxb4 Bxb4 19. Rd3 Be7 
20. Rb3 Na5 21. Rc3 Nc6 22. Nc5 Rfd8 23. Nxb7 Nxd4+ 24. Kf1 Rd5 25. Rac1 h5 
26. Rc8+ Rxc8 27. Rxc8+ Kh7 28. Bxd4 Rxd4 29. Rc7 Bf6 30. Nc5 Rc4 31. Nxe6 Rxc7 
32. Nxc7 Bxb2 33. Nb5 a6 34. Nc7 a5 35. Nb5 Be5 36. Ke2 Kg6 37. Kd3 Kf5 
38. Nd4+ Bxd4 39. Kxd4 Kf4 40. Kc5 g5 41. Kb5 g4 42. hxg4 hxg4 43. Kxa5 g3 
44. fxg3+ Kxg3 45. Kb5 f5 46. a4 Kxg2 47. a5 1/2-1/2

[Event "Thursday Night Engine Tour 11 rd Swiss 5m+1s Starts at 2200hrs"]
[Site "Infinity Chess"]
[Date "2018.4.19"]
[Round "2"]
[White "picolo1"]
[Black "ocirema"]
[Result "1/2-1/2"]
[ECO "C50"]
[WhiteElo "2454"]
[BlackElo "2481"]
[WhiteEngine "asmFishW_2018-04-15_base_CTG"]
[BlackEngine "asmFishW_2018-04-15_popcnt_CTG"]
[EventType "Swiss"]
[WhiteTeam ""]
[BlackTeam ""]
[PlyCount "159"]
[TimeControl "300+1"]

1. e4 e5 2. Nf3 Nc6 3. Bc4 Bc5 4. O-O Nf6 5. d3 d6 6. c3 O-O 7. Re1 a5 8. Bb3 h6 
9. h3 Re8 10. Nbd2 b5 11. a4 b4 12. Nf1 Bb6 13. Bc4 Ba6 14. Bxa6 Rxa6 
15. Qc2 Ra8 16. Ng3 Qd7 17. Nf5 Ne7 18. Nxe7+ Qxe7 19. cxb4 axb4 20. Bd2 Reb8 
21. Nh4 Qe6 22. Nf5 d5 23. b3 c5 24. Ne3 Rd8 25. Re2 Qd7 26. exd5 Nxd5 
27. Nc4 f6 28. Ree1 Ba7 29. a5 Rac8 30. Nb2 Rc6 31. Qc4 Qe6 32. Red1 Ra6 
33. Be3 Kh7 34. Re1 f5 35. Bc1 Qd6 36. Qb5 Ne7 37. d4 e4 38. Nc4 Qc6 
39. Qxc6 Nxc6 40. dxc5 Bxc5 41. Be3 Bxe3 42. Rxe3 Nd4 43. Ra4 Rb8 44. f3 exf3 
45. g4 Rg6 46. Ne5 Re6 47. Nc4 Rxe3 48. Nxe3 Nxb3 49. a6 fxg4 50. hxg4 Nc5 
51. Ra5 Nb3 52. Ra4 Nc5 53. Ra5 Ne4 54. Ra4 f2+ 55. Kg2 Nc5 56. Ra5 Nd3 
57. a7 Ra8 58. Nd1 b3 59. Nxf2 Ne1+ 60. Kf1 b2 61. Rb5 Rxa7 62. Rxb2 Nf3 
63. Kg2 Ra3 64. Rb6 Nh4+ 65. Kh2 Re3 66. Nd1 Rf3 67. Re6 Kg8 68. Rc6 Ra3 
69. Rc3 Rxc3 70. Nxc3 Kf7 71. Kg3 Ng6 72. Nd5 Nf8 73. Kf4 Nd7 74. g5 h5 
75. Kg3 g6 76. Nf4 h4+ 77. Kxh4 Ne5 78. Kg3 Nc4 79. Kf2 Ne5 80. Ke2 1/2-1/2

[Event "Thursday Night Engine Tour 11 rd Swiss 5m+1s Starts at 2200hrs"]
[Site "Infinity Chess"]
[Date "2018.4.19"]
[Round "2"]
[White "mala0diablica"]
[Black "star99"]
[Result "1/2-1/2 "]
[ECO "C50"]
[WhiteElo "2526"]
[BlackElo "2498"]
[WhiteEngine "asmFishW_2018-04-11_bmi2"]
[BlackEngine "Cryptic Heroes 9.4B"]
[EventType "Swiss"]
[WhiteTeam ""]
[BlackTeam ""]
[PlyCount "163"]
[TimeControl "300+1"]

1. e4 e5 2. Nf3 Nc6 3. Bc4 Bc5 4. O-O Nf6 5. d3 a5 6. c3 d6 7. Re1 Ba7 
8. Nbd2 O-O 9. Nf1 Be6 10. Bxe6 fxe6 11. a4 Nh5 12. Be3 Qe8 13. Kh1 Qg6 
14. Nh4 Qe8 15. Bxa7 Rxa7 16. Ng3 Nf4 17. Ne2 Qh5 18. Nxf4 Qxd1 19. Raxd1 Rxf4 
20. Nf3 Ra8 21. Kg1 g6 22. Kf1 Kf7 23. Ng5+ Ke7 24. Nxh7 Rh4 25. Ng5 Rxh2 
26. Ra1 Rh5 27. Nh3 Nb8 28. f3 Nd7 29. Ke2 Nc5 30. Nf2 Rh2 31. Rg1 c6 
32. Nh3 Rh8 33. Ke3 g5 34. Nf2 R2h4 35. Rgb1 Ra8 36. b3 Rh2 37. Rh1 Rah8 
38. Rhg1 R2h4 39. Ng4 Kd7 40. Rgb1 Ra8 41. Kd2 Kc8 42. Kc2 Kc7 43. Rc1 b6 
44. Rd1 Na6 45. Rh1 Rah8 46. Rhe1 R4h7 47. Kd2 Nc5 48. Kc2 Na6 49. Ne3 Rh4 
50. Red1 Ra8 51. Rh1 Rah8 52. Rhe1 Ra8 53. Rf1 Rh2 54. Rfd1 Rh4 55. Rh1 Rah8 
56. Rhb1 Rh2 57. Kd2 Ra8 58. Rh1 Rah8 59. Rhg1 Ra8 60. Rh1 Rah8 61. Rhg1 Ra8 
62. Rgf1 Nc5 63. Kc2 Rh4 64. Ng4 Na6 65. Rh1 Rah8 66. Rhd1 Rf8 67. Rd2 Rfh8 
68. Rdd1 Rf8 69. Kb2 Ra8 70. Ne3 Nc5 71. Ng4 Na6 72. Ne3 Nc5 73. Ka3 Rh2 
74. Rac1 Nd7 75. Re1 Nc5 76. Rcd1 Nd7 77. Rb1 Rhh8 78. Ra1 Nc5 79. Rad1 Rh4 
80. Rg1 Nd7 81. Rge1 Nc5 82. Rh1 1/2-1/2

[Event "Thursday Night Engine Tour 11 rd Swiss 5m+1s Starts at 2200hrs"]
[Site "Infinity Chess"]
[Date "2018.4.19"]
[Round "2"]
[White "Deep_Impact"]
[Black "RonWeasley"]
[Result "1/2-1/2"]
[ECO "C11"]
[WhiteElo "2555"]
[BlackElo "2535"]
[WhiteEngine "BrainFish_180411_x64_bmi2"]
[BlackEngine "BrainFish 090218_CTG"]
[EventType "Swiss"]
[WhiteTeam ""]
[BlackTeam ""]
[PlyCount "115"]
[TimeControl "300+1"]

1. e4 e6 2. d4 d5 3. Nc3 Nf6 4. e5 Nfd7 5. f4 c5 6. Nf3 Nc6 7. Be3 cxd4 
8. Nxd4 Qb6 9. Qd2 Qxb2 10. Rb1 Qa3 11. Bb5 Nxd4 12. Bxd4 a6 13. Bxd7+ Bxd7 
14. Rb3 Qe7 15. Rxb7 Rc8 16. O-O Qd8 17. Qf2 Rxc3 18. Bxc3 Qc8 19. Rb3 Ba4 
20. Bd4 Bxb3 21. axb3 Be7 22. c3 O-O 23. b4 Qc6 24. Ra1 Bd8 25. h4 Bc7 26. h5 h6 
27. g4 a5 28. g5 axb4 29. gxh6 gxh6 30. Kh1 Kh8 31. Rg1 Rg8 32. Rxg8+ Kxg8 
33. Qg1+ Kf8 34. Bc5+ Ke8 35. Qg8+ Kd7 36. Qxf7+ Kc8 37. Qg8+ Kb7 38. cxb4 Qa6 
39. Kg1 Qd3 40. Qg4 d4 41. Kh2 Qc4 42. Qf3+ Kb8 43. Kg3 d3 44. Qe3 Kb7 
45. Qd2 Qe4 46. Qc3 Qe2 47. Qc4 Qe1+ 48. Kg4 d2 49. Qb5+ Kc8 50. Qe8+ Kb7 
51. Qb5+ Kc8 52. Qa6+ Kd7 53. Qb5+ Kd8 54. Qd3+ Kc8 55. Qa6+ Kd7 56. Qb5+ Kd8 
57. Qd3+ Kc8 58. Qa6+ 1/2-1/2

[Event "Thursday Night Engine Tour 11 rd Swiss 5m+1s Starts at 2200hrs"]
[Site "Infinity Chess"]
[Date "2018.4.19"]
[Round "2"]
[White "xeonrocks"]
[Black "Vimtiroba"]
[Result "1/2-1/2"]
[ECO "C55"]
[WhiteElo "2614"]
[BlackElo "2530"]
[WhiteEngine "Stockfish_x64_bmi2_CTG"]
[BlackEngine "AsmFish A12_CTG"]
[EventType "Swiss"]
[WhiteTeam ""]
[BlackTeam ""]
[PlyCount "138"]
[TimeControl "300+1"]

1. e4 e5 2. Nf3 Nc6 3. Bc4 Nf6 4. d3 Bc5 5. O-O O-O 6. c3 a5 7. Nbd2 d6 
8. h3 Be6 9. Bb5 h6 10. Re1 Qb8 11. Re2 Qa7 12. Nf1 a4 13. Ng3 Qa5 14. Bxc6 bxc6 
15. Nh4 Rfe8 16. Re1 d5 17. exd5 cxd5 18. Rxe5 Bf8 19. Qc2 c5 20. Bd2 c4 
21. Ree1 Nd7 22. d4 a3 23. b3 cxb3 24. axb3 Nf6 25. Ra2 Qb6 26. b4 Ne4 
27. Rea1 Rac8 28. Nf3 Qc7 29. Rxa3 Nxg3 30. fxg3 Bxb4 31. Rb3 Bd6 32. g4 Re7 
33. g5 h5 34. g6 Rf8 35. Rbb1 Qc8 36. Rf1 Bf5 37. Qa2 Bxg6 38. Qxd5 Bg3 
39. Qg5 Qc7 40. Nh4 Bxh4 41. Qxh4 Rfe8 42. Rae1 f6 43. Rxe7 Rxe7 44. Qf2 Qc4 
45. Qg3 Kh7 46. Qb8 Qd3 47. Rf2 Re2 48. Rxe2 Qxe2 49. Qf4 Be4 50. Qf2 Qd3 
51. h4 Kg6 52. Be1 Bd5 53. Bd2 Qb1+ 54. Kh2 Qd3 55. Qg3+ Qxg3+ 56. Kxg3 Kf5 
57. Bc1 Ke4 58. Ba3 Kf5 59. Bc1 g6 60. Kf2 g5 61. g3 gxh4 62. gxh4 Kg4 
63. Bd2 Kxh4 64. c4 Bxc4 65. d5 Bxd5 66. Ke3 Kg4 67. Bc3 Kg5 68. Bb4 h4 
69. Bd6 h3 1/2-1/2

[Event "Thursday Night Engine Tour 11 rd Swiss 5m+1s Starts at 2200hrs"]
[Site "Infinity Chess"]
[Date "2018.4.19"]
[Round "1"]
[White "Vimtiroba"]
[Black "koalachess"]
[Result "1-0"]
[ECO "C16"]
[WhiteElo "2520"]
[BlackElo "2366"]
[WhiteEngine "AsmFish A12_CTG"]
[BlackEngine "asmFishW_2018-02-02_popcnt_CTG"]
[EventType "Swiss"]
[WhiteTeam ""]
[BlackTeam ""]
[PlyCount "180"]
[TimeControl "300+1"]

1. e4 e6 2. d4 d5 3. Nc3 Bb4 4. e5 Ne7 5. a3 Bxc3+ 6. bxc3 c5 7. Qg4 O-O 
8. Bd3 f5 9. exf6 Rxf6 10. Bg5 Rf7 11. Qh5 g6 12. Qd1 Nbc6 13. Nf3 Qf8 
14. O-O c4 15. Be2 h6 16. Bc1 Qg7 17. a4 Bd7 18. a5 Nf5 19. Ba3 Rd8 20. Re1 Bc8 
21. Bf1 Nd6 22. Ne5 Rf5 23. Nxc6 bxc6 24. Re3 e5 25. f3 exd4 26. cxd4 Re8 
27. Rxe8+ Nxe8 28. Bc5 Rf6 29. Qe1 Qd7 30. Qd2 Kh7 31. Re1 Nd6 32. Qb4 h5 
33. Re5 Nf5 34. g3 Ng7 35. Re7 Qf5 36. f4 g5 37. Bd6 h4 38. Be5 Rf7 
39. Rxf7 Qxf7 40. fxg5 Qf3 41. Qe1 hxg3 42. Qxg3 Qxg3+ 43. Bxg3 Kg6 44. h4 Nf5 
45. Bf2 Nd6 46. Be2 Nb5 47. Be3 Bf5 48. Kf2 Bxc2 49. h5+ Kf7 50. Bg4 c3 
51. Bd7 Be4 52. Bxc6 Na3 53. Bf4 Nc4 54. a6 Ke6 55. Ke2 c2 56. Bb5 Na5 
57. Bd3 Nb3 58. Bxe4 dxe4 59. Be3 Kf5 60. g6 Kf6 61. d5 c1=Q 62. Bxc1 Nxc1+ 
63. Ke3 Nb3 64. d6 Nc5 65. Kd4 e3 66. Kxe3 Nd7 67. Kd4 Kg7 68. Kd5 Nb8 
69. d7 Nxd7 70. Kc6 Nf6 71. Kb7 Nxh5 72. Kxa7 Kxg6 73. Kb6 Kf6 74. a7 Ke5 
75. a8=Q Nf4 76. Kc5 Ne6+ 77. Kc4 Nf4 78. Qe8+ Kf5 79. Kc5 Ne6+ 80. Kd6 Ng5 
81. Qe5+ Kg4 82. Kd5 Nf3 83. Qe4+ Kg3 84. Qf5 Kg2 85. Ke4 Nd2+ 86. Kf4 Kf2 
87. Qc5+ Ke1 88. Ke3 Nf1+ 89. Kd3 Nd2 90. Qg1+ Nf1 1-0

[Event "Thursday Night Engine Tour 11 rd Swiss 5m+1s Starts at 2200hrs"]
[Site "Infinity Chess"]
[Date "2018.4.19"]
[Round "1"]
[White "Dovahkiin"]
[Black "mala0diablica"]
[Result "1/2-1/2"]
[ECO "C50"]
[WhiteElo "2414"]
[BlackElo "2531"]
[WhiteEngine "Raubfisch ME262_GTZ16f_CTG"]
[BlackEngine "asmFishW_2018-04-11_bmi2"]
[EventType "Swiss"]
[WhiteTeam ""]
[BlackTeam ""]
[PlyCount "68"]
[TimeControl "300+1"]

1. e4 e5 2. Nf3 Nc6 3. Bc4 Bc5 4. O-O Nf6 5. d3 d6 6. c3 O-O 7. Bg5 a5 8. a4 h6 
9. Bh4 g5 10. Bg3 Ba7 11. Nbd2 Kg7 12. Re1 Nh7 13. h3 h5 14. d4 g4 15. Nh4 exd4 
16. cxd4 Bxd4 17. hxg4 hxg4 18. Bd5 Nf6 19. Bxc6 bxc6 20. Ndf3 Bxb2 21. Nd4 Bxd4 
22. Qxd4 Re8 23. e5 dxe5 24. Qb2 Kg8 25. Bxe5 Re6 26. g3 Nd5 27. Qd2 f6 
28. Bc3 Qf8 29. Bxa5 Qc5 30. Qh6 Qxa5 31. Qg6+ Kh8 32. Qh6+ Kg8 33. Qg6+ Kh8 
34. Qh6+ Kg8 1/2-1/2

[Event "Thursday Night Engine Tour 11 rd Swiss 5m+1s Starts at 2200hrs"]
[Site "Infinity Chess"]
[Date "2018.4.19"]
[Round "1"]
[White "RonWeasley"]
[Black "picolo1"]
[Result "1/2-1/2"]
[ECO "E32"]
[WhiteElo "2538"]
[BlackElo "2451"]
[WhiteEngine "BrainFish 090218_CTG"]
[BlackEngine "asmFishW_2018-04-15_base_CTG"]
[EventType "Swiss"]
[WhiteTeam ""]
[BlackTeam ""]
[PlyCount "114"]
[TimeControl "300+1"]

1. d4 Nf6 2. c4 e6 3. Nc3 Bb4 4. Qc2 O-O 5. e4 d5 6. e5 Ne4 7. Bd3 c5 
8. Nf3 cxd4 9. Nxd4 Nd7 10. Bf4 Qh4 11. g3 Qh5 12. O-O g5 13. cxd5 Bxc3 
14. bxc3 exd5 15. Bxe4 dxe4 16. e6 gxf4 17. exd7 Bxd7 18. Qxe4 fxg3 
19. hxg3 Rab8 20. Rfe1 Rfe8 21. Qg2 b6 22. Nc6 Ra8 23. a4 Kg7 24. Red1 Bxc6 
25. Qxc6 Rad8 26. Rxd8 Rxd8 27. Qe4 Qg6 28. Qe7 Rd5 29. Re1 Qc6 30. Re4 Qd7 
31. Qxd7 Rxd7 32. Rg4+ Kf6 33. Rc4 Rd1+ 34. Kg2 Ra1 35. Kf3 h5 36. Rf4+ Kg7 
37. Ke3 Kg6 38. Rc4 Ra2 39. Rf4 Ra3 40. Kd3 Ra2 41. Ke3 Rc2 42. Kd3 Rb2 
43. Ke3 Ra2 44. Rd4 Ra3 45. Kd3 Ra2 46. Rf4 Ra3 47. Rh4 f6 48. Rf4 f5 
49. Rc4 Ra1 50. Rd4 Kf6 51. Rh4 Ra2 52. Rxh5 Rxf2 53. Rh7 Rf3+ 54. Kc4 Rxg3 
55. Rxa7 Rg6 56. a5 bxa5 57. Rxa5 Rg5 1/2-1/2

[Event "Thursday Night Engine Tour 11 rd Swiss 5m+1s Starts at 2200hrs"]
[Site "Infinity Chess"]
[Date "2018.4.19"]
[Round "1"]
[White "ocirema"]
[Black "Deep_Impact"]
[Result "1/2-1/2"]
[ECO "C77"]
[WhiteElo "2478"]
[BlackElo "2558"]
[WhiteEngine "asmFishW_2018-04-15_popcnt_CTG"]
[BlackEngine "BrainFish_180411_x64_bmi2"]
[EventType "Swiss"]
[WhiteTeam ""]
[BlackTeam ""]
[PlyCount "132"]
[TimeControl "300+1"]

1. e4 e5 2. Nf3 Nc6 3. Bb5 a6 4. Ba4 Nf6 5. O-O Be7 6. Re1 b5 7. Bb3 O-O 
8. h3 Bb7 9. d3 d6 10. a3 Qd7 11. Nc3 Rfe8 12. Bg5 Nd8 13. d4 exd4 14. Nd5 Nxd5 
15. exd5 Bxg5 16. Rxe8+ Qxe8 17. Nxg5 h6 18. Nf3 c5 19. dxc6 Nxc6 20. Qd2 Qd7 
21. Nxd4 Nxd4 22. Qxd4 Re8 23. Rd1 Re4 24. Qd3 Re5 25. f3 d5 26. c3 Qe7 
27. Bc2 g6 28. Kf1 Qh4 29. Qd2 Qg3 30. Kg1 Bc6 31. Qf2 Qf4 32. Bd3 Re6 
33. Bf1 g5 34. Rd2 Kf8 35. g3 Qe3 36. Bg2 Qxf2+ 37. Kxf2 Ke7 38. Rd4 Kd6 
39. h4 Re7 40. h5 a5 41. f4 f6 42. Bf3 a4 43. f5 Re5 44. g4 Kc5 45. Rb4 Bd7 
46. Kg2 Kd6 47. Kf1 Re7 48. Rd4 Bc6 49. Rd1 Kc5 50. Rd2 Re5 51. Bg2 Kc4 
52. Kf2 Kb3 53. Bf1 Ka2 54. Bd3 Re7 55. Rc2 Kb3 56. Rd2 Ka2 57. Rc2 Re8 
58. Be2 Kb1 59. Bd3 Ka1 60. Rd2 Ka2 61. Rc2 Kb3 62. Rd2 Re7 63. Be2 Re8 
64. Bd3 Ka2 65. Rc2 Bd7 66. Rd2 Bc6 1/2-1/2

[Event "Thursday Night Engine Tour 11 rd Swiss 5m+1s Starts at 2200hrs"]
[Site "Infinity Chess"]
[Date "2018.4.19"]
[Round "1"]
[White "xeonrocks"]
[Black "star99"]
[Result "1/2-1/2 "]
[ECO "C55"]
[WhiteElo "2619"]
[BlackElo "2493"]
[WhiteEngine "Stockfish_x64_bmi2_CTG"]
[BlackEngine "Cryptic Heroes 9.4B"]
[EventType "Swiss"]
[WhiteTeam ""]
[BlackTeam ""]
[PlyCount "167"]
[TimeControl "300+1"]

1. e4 e5 2. Nf3 Nc6 3. Bc4 Nf6 4. d3 Bc5 5. O-O d6 6. c3 O-O 7. Nbd2 a5 
8. Re1 Be6 9. Bb5 Ne7 10. d4 c6 11. Ba4 Bb6 12. Bc2 Ng6 13. h3 Nh5 14. Nf1 Nhf4 
15. Ng3 f6 16. Nf5 d5 17. N3h4 dxe4 18. Rxe4 Qd7 19. Nxg6 Nxg6 20. Bb3 Bxb3 
21. Qxb3+ Kh8 22. g4 Ba7 23. Be3 Rad8 24. Re1 b5 25. Qc2 a4 26. b3 axb3 
27. axb3 Rfe8 28. Kf1 Bb6 29. h4 Bc7 30. h5 Ne7 31. Nxe7 Qxe7 32. dxe5 fxe5 
33. Kg2 Rf8 34. c4 h6 35. Ra1 Qf6 36. Qe2 bxc4 37. bxc4 Bd6 38. Bb6 Rd7 
39. c5 Bb8 40. Ra3 Rdf7 41. f3 Rd7 42. Ba5 Rd5 43. Rae3 Re8 44. Bb4 Kg8 
45. Qa2 Kh8 46. Ra3 Qd8 47. Qf2 Qd7 48. Ra8 Qb7 49. Ra3 Qd7 50. Ra8 Qb7 
51. Ra4 Ba7 52. Qe3 Qd7 53. Qa3 Bb8 54. Be1 Rd3 55. Qb2 Qd5 56. Qe2 Rf8 
57. Re3 Rd1 58. Ree4 Rd3 59. Re3 Rd1 60. Rea3 Rd4 61. Bf2 Qxc5 62. Bxd4 exd4 
63. Qd3 Rd8 64. Rb3 Qe5 65. Rxd4 Qh2+ 66. Kf1 Bd6 67. Qd2 Qh1+ 68. Ke2 c5 
69. Rxd6 Qh2+ 70. Kf1 Qh1+ 71. Ke2 Qh2+ 72. Kd1 Rxd6 73. Rd3 Rxd3 74. Qxd3 Qa2 
75. Qg6 c4 76. Qe8+ Kh7 77. Qe4+ Kg8 78. f4 Qb3+ 79. Kd2 Qb2+ 80. Ke3 Qc1+ 
81. Kd4 Qa1+ 82. Kd5 Qd1+ 83. Kxc4 Qxg4 84. Qe8+ 1/2-1/2

[Event "Thursday Night Engine Tour 7rd Swiss 12m+1s Starts at 2200hrs ST"]
[Site "Infinity Chess"]
[Date "2018.4.6"]
[Round "7"]
[White "Dovahkiin"]
[Black "RonWeasley"]
[Result "1/2-1/2"]
[ECO "C02"]
[WhiteElo "2370"]
[BlackElo "2481"]
[WhiteEngine "corchess_x64_modern_CTG"]
[BlackEngine "BrainFish 010418 WM_CTG"]
[EventType "Swiss"]
[WhiteTeam ""]
[BlackTeam ""]
[PlyCount "116"]
[TimeControl "720+1"]

1. e4 e6 2. d4 d5 3. e5 c5 4. c3 Nc6 5. Nf3 Qb6 6. a3 f6 7. Bd3 fxe5 
8. dxe5 Nge7 9. c4 dxc4 10. Bxc4 Nf5 11. O-O Be7 12. Nc3 O-O 13. Re1 Qd8 
14. Qxd8 Rxd8 15. Nb5 Rb8 16. Bg5 Kf8 17. Rad1 Rxd1 18. Rxd1 Bxg5 19. Nxg5 Ke7 
20. Nd6 Ncd4 21. Nxf5+ exf5 22. Nxh7 Be6 23. Bf1 Rd8 24. Rb1 Ba2 25. Ra1 Bd5 
26. Ng5 f4 27. Rc1 c4 28. g3 f3 29. h4 Ne2+ 30. Bxe2 fxe2 31. Re1 Bc6 32. f4 Rd2 
33. Kf2 Rxb2 34. f5 Rb5 35. Rxe2 c3 36. Re1 c2 37. Rc1 Rxe5 38. Rxc2 Rxf5+ 
39. Ke3 Ra5 40. Rc3 Kf6 41. Nf3 Ra4 42. Rd3 a6 43. Nd4 Be8 44. Rc3 Ke5 
45. Nf3+ Kd6 46. Nd2 Kd5 47. Rc7 Rxa3+ 48. Kf2 b5 49. Rxg7 b4 50. h5 Rd3 
51. Ke2 Bb5 52. Rg5+ Kd4 53. Nf3+ Rxf3+ 54. Kxf3 b3 55. Rxb5 axb5 56. h6 b2 
57. h7 b1=Q 58. h8=Q+ Kc4 1/2-1/2

[Event "Thursday Night Engine Tour 7rd Swiss 12m+1s Starts at 2200hrs ST"]
[Site "Infinity Chess"]
[Date "2018.4.6"]
[Round "7"]
[White "Thinker"]
[Black "fati64"]
[Result "1/2-1/2"]
[ECO "C50"]
[WhiteElo "2425"]
[BlackElo "2429"]
[WhiteEngine "BrainFish_180329_x64_modern_CTG"]
[BlackEngine "BrainFish_180404_x64"]
[EventType "Swiss"]
[WhiteTeam ""]
[BlackTeam ""]
[PlyCount "98"]
[TimeControl "720+1"]

1. e4 e5 2. Nf3 Nc6 3. Bc4 Bc5 4. d3 Nf6 5. c3 d6 6. O-O O-O 7. h3 a5 8. Nbd2 h6 
9. Re1 Be6 10. a4 Bb6 11. b3 d5 12. Bb5 Ne7 13. exd5 Nfxd5 14. Qc2 c6 
15. Bc4 Re8 16. Nxe5 Ng6 17. Nxg6 Qf6 18. Nf4 Qxf4 19. Nf1 Qf6 20. Be3 Bxe3 
21. Bxd5 Bxf2+ 22. Qxf2 Qxf2+ 23. Kxf2 cxd5 24. Nd2 Rac8 25. Rac1 Bf5 
26. d4 Rxe1 27. Kxe1 Re8+ 28. Kf2 Bd3 29. Kf3 Re2 30. Rd1 Re6 31. Rc1 Be2+ 
32. Kg3 Bd3 33. Kf3 Kf8 34. c4 dxc4 35. bxc4 g5 36. c5 Re2 37. Nc4 Ra2 38. g4 f5 
39. gxf5 Bxf5 40. d5 h5 41. Nxa5 Rxa4 42. Nxb7 Be4+ 43. Ke2 Bxd5 44. c6 Ke7 
45. Rc5 Ra2+ 46. Kd3 Bg2 47. Rxg5 Bxc6 48. Rxh5 Bxb7 49. Rh7+ Kd6 1/2-1/2